 Dungeon Crawl Stone Soup version 0.27-a0-416-gca2cecf3c0 (webtiles) character file.

Game seed: 3523334025266453614

12 dickylongcocking the Sneak (level 2, -2/24 HPs)
             Began as a Barachi Delver on Feb 25, 2021.
             Was an Initiate of Okawaru.
             Slain by a worm (6 damage)
             ... on level 3 of the Dungeon.
             The game lasted 00:01:40 (686 turns).

dickylongcocking the Sneak (Barachi Delver)          Turns: 686, Time: 00:01:40

Health: -2/24      AC:  3    Str: 13    XL:     2   Next: 33%
Magic:  2/2        EV: 12    Int: 10    God:    Okawaru [......]
Gold:   10         SH:  0    Dex: 13    Spells: 1/1 levels left

rFire    . . .     SeeInvis .   a - +0 falchion
rCold    . . .     Faith    .   (no shield)
rNeg     . . .     Spirit   .   b - +0 leather armour
rPois    .         Reflect  .   (no helmet)
rElec    .         Harm     .   (no cloak)
rCorr    .         Rampage  .   (no gloves)
Will     .....                  (no boots)
Stlth    ++........             (no amulet)
HPRegen  0.08/turn              (no ring)
MPRegen  0.08/turn              (no ring)

@: can't hop, hasted, quick
A: +LOS, swims, slowness 1, strong legs 1
a: Hop, Renounce Religion


You were on level 3 of the Dungeon.
You worshipped Okawaru.
Okawaru was noncommittal.
You visited 2 branches of the dungeon, and saw 4 of its levels.

You collected 10 gold pieces.

Inventory:

Hand Weapons
 a - a +0 falchion (weapon)
Armour
 b - a +0 leather armour (worn)
Wands
 g - a wand of digging (2)
Scrolls
 c - a scroll of fog


   Skills:
 - Level 3.6 Fighting
 * Level 3.6 Long Blades
 - Level 2.1 Dodging
 - Level 4.5 Stealth


You had one spell level left.
You didn't know any spells.
Your spell library was empty.

Dungeon Overview and Level Annotations

Branches:
Dungeon (5/15)             Temple (1/1) D:4

Altars:
Ashenzari
Cheibriados
Dithmenos
Elyvilon
Fedhas
Gozag
Hepliaklqana
Kikubaaqudgha
Nemelex Xobeh
Okawaru
Qazlal
Ru
Sif Muna
Trog
Uskayaw
Vehumet
Wu Jian
Xom
Yredelemnul
Zin
The Shining One

Annotations:
D:3 Terence


Innate Abilities, Weirdness & Mutations

You can be seen from farther away. (+LOS)
You can swim through water.
You cover ground slowly.
You can hop short distances.


Message History

The dart slug is heavily wounded.
You hit the dart slug but do no damage.
The dart slug is heavily wounded.
The dart slug barely misses you.
You riposte.
You hit the dart slug.
The dart slug is severely wounded.
You hit the dart slug.
You kill the dart slug!
Okawaru accepts your kill.
You barely miss the howler monkey skeleton.
The howler monkey skeleton misses you.
You riposte.
You completely miss the howler monkey skeleton.
You hit the howler monkey skeleton.
The howler monkey skeleton is lightly damaged.
The howler monkey skeleton hits you.
* * * LOW HITPOINT WARNING * * *
Press: ? - help, v - describe, . - travel, g - get item
Here: a howler monkey skeleton (lightly damaged) Item here: a dart slug corpse.
The floor.
Hop to where?
Press: ? - help, Dir - move target Boing!
Unknown command.
The adder hisses angrily.
An orc comes into view. It is wielding a +0 dagger.
The orc shouts!
An orc comes into view. It is wielding a +0 falchion.
There is a stone staircase leading up here.
You climb upwards.
Level annotation: Terence
There is a stone staircase leading down here.
Unknown command.
Your legs are too worn out to hop.
Unknown command.
Okay, then.
You feel yourself speed up. The worm bites you but does no damage.
You hit the worm but do no damage. You barely miss the worm.
The worm bites you.
You die...

#+ #.# #. #.#
#. #.# ##.#
#.# ##... #.#
##.... #.#
..... #.#
#..#########.#
#.@..@w.....#
#############


You could see Terence and a worm.

Vanquished Creatures
  An adder (D:4)
  A dart slug (D:4)
2 creatures vanquished.

Notes
Turn   | Place    | Note
-------+----------+-------------------------------------------
     0 | D:5      | dickylongcocking the Barachi Delver began the quest for the
                  | Orb.
     0 | D:5      | Reached XP level 1. HP: 18/18 MP: 1/1
     4 | D:4      | Noticed an iguana
    57 | D:4      | Found a staircase to the Ecumenical Temple.
    63 | Temple   | Entered the Ecumenical Temple
   377 | Temple   | Became a worshipper of Warmaster Okawaru
   408 | D:4      | Reached XP level 2. HP: 10/24 MP: 2/2
   642 | D:3      | Noticed Terence
   686 | D:3      | Slain by a worm

Illustrated notes

Levels and vault maps discovered:
D:3:      gammafunk_wand_slinger, layout_loops_corners, lemuel_round_altar,
          due_unseen_surprise, uniq_natasha, uniq_terence
D:4:      layout_cave_pods, minmay_temple_entry_tees
D:5:      layout_loops_ring, cheibrodos_sewer_entry_drain,
          nicolae_ru_the_path_less_chosen, uniq_crazy_yiuf_cottage
Temple:   nicolae_temple_the_god_donut

Skill      XL: |  1 |
---------------+----+-----
Long Blades    | 3 |  3.6
Fighting       | |  3.6
Dodging        | |  2.1
Stealth        | |  4.5

Action                   || total
-------------------------++-------
Melee: Falchion          ||    24
 Abil: Hop               ||     1
Evoke: Wand              ||     1
  Use: Scroll            ||     2
       Potion            ||     1
 Stab: Sleeping          ||     1
Armor: Leather armour    ||     5
Dodge: Dodged            ||    14
       Rpst.: Falchion   ||     8

Table legend: (Time is in decaauts)
 A = Elapsed time spent in this place.
 B = Non-inter-level travel time spent in this place.
 C = Inter-level travel time spent in this place.
 D = Time resting spent in this place.
 E = Time spent auto-exploring this place.
 F = Levels seen in this place.
 G = Mean time per level.
                   A        B        C        D        E       F      G
               +--------+--------+--------+--------+--------+-----+--------+
         Total |    780 |    741 |     39 |    190 |    338 |   4 |  195.0 |
       Dungeon |    398 |    376 |     22 |    190 |     11 |   3 |  132.7 |
        Temple |    381 |    365 |     16 |      0 |    326 |   1 |  381.0 |
               +--------+--------+--------+--------+--------+-----+--------+

Top non-repeatable levels by time:
  Temple: 381 daAuts
     D:4: 346 daAuts
     D:3: 47 daAuts
     D:5: 4 daAuts
